Map: Temple of the Past

Players

monk

  • Race: Zerg Zerg

raincamp

  • Race: Terran Terran
  • Spawn Location: 0:00

VOD

Have the link to the VOD?

Description

Time

  • Played on: Aug. 22, 2017, 8:11 p.m.
  • Length: 26:30
Show
View Real Time Build Order
Export as new Build Order

monk Zerg 

Build Orders:  

Get SALT Encoding   

  12  0:03  Infested SCV  
  13  0:17  Infested SCV  
  13  0:18  Infested SCV  
  15  1:03  Infested Command Center  
  15  1:19  Overlord  
  15  1:44  Infested SCV  
  15  1:45  Infested SCV x4  
  20  1:50  Infested Refinery  
  20  2:01  Infested SCV  
  20  2:06  Infested Refinery  
  21  2:17  Infested SCV  
  22  2:33  Infested Barracks, Infested SCV  
  23  2:45  Infested SCV x2  
  23  2:47  Infested SCV  
  23  2:49  Infested SCV  
  27  3:03  Infested Colonist Compound  
  27  3:10  Infested SCV x2  
  27  3:19  Infested Colonist Compound  
  29  3:20  Anaerobic Enhancement  
  29  3:22  Infested SCV  
  29  3:23  Infested SCV  
  31  3:38  Infested SCV  
  31  3:39  Infested SCV  
  33  3:53  Infested SCV  
  33  3:55  Infested Command Center  
  34  4:00  Infested SCV  
  34  4:04  Infested SCV  
  36  4:10  Infested SCV  
  37  4:20  Infestation Level 1  
  37  4:29  Infested SCV  
  38  4:45  Overlord, Infested Engineering Bay  
  38  5:01  Infested Barracks Tech Lab  
  38  5:05  Infested Factory  
  38  5:14  Infested SCV x3  
  38  5:15  Infested SCV  
  38  5:16  Overlord  
  42  5:21  Infested Bunker  
  42  5:23  Stukov Infantry Weapons Level 1  
  42  5:25  Overlord  
  46  5:41  Infested SCV  
  46  5:45  Plagued Munitions  
  47  6:20  Broodling Gestation, Infested Armory  
  47  6:23  Infested Bunker  
  51  6:42  Overlord  
  51  6:43  Infested SCV x2  
  51  6:49  Infested Engineering Bay  
  57  7:00  Infested Bunker  
  57  7:17  Infested SCV x2  
  46  7:30  Retinal Augmentation  
  59  7:32  Regenerative Plating  
  63  7:44  Infested Bunker  
  63  7:46  Overlord  
  63  7:47  Overlord, Infested Bunker  
  63  7:50  Infestation Level 2  
  63  7:58  Infested Bunker  
  63  8:19  Stukov Infantry Weapons Level 2  
  63  8:37  Infested Bunker  
  75  8:51  Overlord  
  75  8:54  Infested Bunker  
  75  8:57  Infested Bunker x2  
  79  9:00  Infested Bunker  
  79  9:11  Overlord  
  79  9:16  Calcified Armor  
  83  9:25  Aggressive Incubation  
  83  9:46  Infested Bunker  
  87  9:52  Infested Bunker  
  84  10:08  Infested Bunker  
  83  10:10  Infested SCV x2  
  83  10:13  Infested Bunker  
  83  10:14  Infested Bunker  
  83  10:18  Infestation Level 3  
  85  10:27  Infested Bunker  
  85  10:31  Overlord  
  85  10:59  Overlord  
  85  11:01  Infested SCV x2  
  99  11:14  Infested Bunker  
  99  11:25  Overlord  
  99  11:26  Infested Bunker  
  99  11:28  Infested Bunker  
  99  11:32  Stukov Infantry Weapons Level 3  
  99  11:53  Overlord  
  107  12:03  Infested Bunker  
  107  12:06  Infested Bunker  
  107  12:21  Infested Bunker  
  111  12:31  Infested Bunker  
  110  12:48  Overlord  
  114  12:50  Infested Bunker  
  114  13:20  Infested SCV  
  114  13:21  Infested SCV x2  
  114  13:26  Infested Bunker  
  125  13:30  Infested Bunker  
  125  13:47  Infested Bunker  
  125  13:54  Overlord  
  125  13:55  Overlord  
  121  14:27  Infested Bunker  
  121  14:29  Infested Bunker  
  133  14:32  Infested Bunker  
  133  14:34  Overlord  
  133  14:35  Stukov Infantry Armor Level 1  
  133  14:36  Stukov Vehicle and Ship Weapons Level 1  
  133  14:40  Infested Refinery  
  133  14:52  Infested Bunker  
  141  15:00  Infested Bunker  
  141  15:11  Infested Bunker  
  141  15:16  Overlord, Infested Bunker  
  141  15:18  Infested Bunker  
  141  15:19  Infested Bunker  
  141  15:24  Infested SCV x4  
  141  15:25  Infested Bunker, Infested SCV  
  146  15:36  Infested Barracks  
  146  15:37  Infested Factory Tech Lab, Infested Factory  
  146  15:40  Infested Bunker  
  146  15:42  Infested Bunker  
  146  15:43  Infested Bunker x2  
  146  15:57  Infested Refinery, Infested SCV  
  147  16:07  Overlord  
  147  16:08  Overlord  
  147  16:09  Infested Bunker  
  147  16:10  Acidic Enzymes  
  147  16:11  Infested Bunker  
  147  16:15  Infested Bunker x2  
  147  16:16  Infested Bunker  
  147  16:18  Infested Siege Tank x2  
  157  16:20  Infested Bunker  
  157  16:27  Infested Bunker x2  
  157  16:37  Overlord, Infested Bunker  
  161  17:04  Infested Bunker  
  161  17:05  Infested Siege Tank x2  
  161  17:06  Infested Siege Tank  
  161  17:08  Infested Bunker x2  
  170  17:12  Infested Bunker  
  170  17:16  Overlord  
  170  17:17  Pneumatized Carapace  
  170  17:40  Automated Mitosis  
  170  17:42  Infested Bunker  
  170  17:45  Infested Bunker x2  
  170  17:46  Infested Bunker  
  170  17:48  Infested Bunker  
  174  17:51  Infested Bunker  
  174  17:52  Infested Siege Tank  
  174  17:53  Infested Siege Tank  
  174  17:56  Overlord  
  180  18:10  Infested Siege Tank  
  179  18:26  Overlord  
  179  18:41  Infested Bunker  
  179  18:46  Infested Bunker  
  179  18:48  Infested Bunker  
  179  18:50  Infested Bunker  
  179  18:58  Infested Siege Tank x3, Infested Bunker  
  179  18:59  Infested Bunker  
  192  19:02  Stukov Vehicle and Ship Weapons Level 2  
  192  19:06  Infested Bunker  
  186  19:24  Stukov Infantry Armor Level 2  
  186  19:37  Infested Siege Tank x2  
  192  19:49  Infested Siege Tank  
  195  20:02  Infested Bunker  
  183  20:35  Infested Bunker  
  183  20:36  Infested Bunker  
  183  20:37  Infested Bunker  
  183  20:38  Infested Bunker  
  183  20:41  Infested Bunker  
  183  20:42  Infested Bunker  
  183  20:43  Infested Bunker  
  180  20:50  Infested Bunker  
  180  20:51  Infested Siege Tank  
  180  20:52  Infested Siege Tank x3  
  189  21:21  Infested Bunker  
  189  21:31  Infested Siege Tank x2  
  195  21:44  Infested Bunker  
  195  21:47  Infested Bunker  
  191  21:51  Infested SCV x2  
  191  21:58  Infested Bunker  
  191  21:59  Infested Siege Tank  
  200  22:18  Stukov Vehicle and Ship Weapons Level 3  
  200  22:30  Infested Bunker  
  200  22:32  Infested Bunker  
  184  23:15  Infested SCV x3  
  184  23:16  Infested SCV x4  
  184  23:21  Infested SCV x3  
  185  23:47  Infested Bunker  
  185  23:49  Infested Bunker  
  197  23:50  Infested Bunker  
  193  24:10  Infested SCV  
  198  24:45  Infested Bunker  
  198  24:49  Infested Bunker  
  198  24:51  Infested Bunker  
  198  25:13  Infested SCV  
  187  25:48  Infested Marine  
  187  25:49  Infested Marine x8  
  192  25:50  Infested Marine x8  
  200  26:05  Infested Marine x5  
  200  26:06  Infested Marine  
  200  26:08  Infested Marine  
Show
View Real Time Build Order
Export as new Build Order

raincamp Terran 

Build Orders:  

Get SALT Encoding   

  12  0:35  Supply Depot  
Tags
 
Add a new tag
Caveats
  • Supply blocks, unpowered buildings, or Contaminate may cause inaccurate times.
  • Supply counts are checked every 10 seconds.